 Dungeon Crawl Stone Soup version 0.22-a0-612-gd2f0174 (webtiles) character file.

250 sking99 the Insei (level 6, -1/31 HPs)
             Began as a Vine Stalker Transmuter on July 11, 2018.
             Slain by an iguana (5 damage)
             ... on level 4 of the Dungeon.
             The game lasted 00:05:53 (3416 turns).

sking99 the Insei (Vine Stalker Transmuter)         Turns: 3416, Time: 00:05:54

Health: -1/31      AC:  4    Str: 12    XL:     6   Next: 13%
Magic:  0/10       EV: 13    Int: 13    God:
Gold:   191        SH:  3    Dex: 17    Spells: 6/9 levels left

rFire    . . .     SeeInvis .     - Unarmed
rCold    . . .     Gourm    .   (no shield)
rNeg     . . .     Faith    .   b - +0 robe
rPois    .         Spirit   +   (no helmet)
rElec    .         Reflect  +   (no cloak)
rCorr    .         Harm     .   (no gloves)
MR       .....                  h - +1 pair of boots
Stlth    ++........             m - +3 amulet of reflection
HPRegen  0.50/turn              (no ring)
MPRegen  0.12/turn              (no ring)

@: appendage
A: fangs 2, horns 2, regeneration 1, magic shield, antimagic bite, no potion
heal 3, rot immunity
a: End Transformation


You were on level 4 of the Dungeon.
You were not hungry.
You had grown temporary horns.
You visited 1 branch of the dungeon, and saw 4 of its levels.

You collected 191 gold pieces.

Inventory:

Missiles
 a - 11 arrows
Armour
 b - a +0 robe (worn)
 h - a +1 pair of boots (worn)
 i - a +0 ring mail
Jewellery
 m - a +3 amulet of reflection (around neck)
Scrolls
 e - 2 scrolls of teleportation
 k - a scroll of remove curse
 q - 2 scrolls of enchant armour
Potions
 g - a potion of ambrosia
 j - a potion of cancellation
 l - 3 potions of curing
 n - a potion of might {unknown}
 o - a potion of degeneration {unknown}
Comestibles
 d - 4 rations


   Skills:
 + Level 2.3 Fighting
 + Level 2.6 Dodging
 * Level 4.7 Unarmed Combat
 - Level 2.1 Spellcasting
 + Level 3.3 Transmutations


You had 6 spell levels left.
You knew the following spells:

 Your Spells              Type           Power        Failure   Level  Hunger
a - Beastly Appendage     Tmut           ##....       6%          1    ##.....
b - Sticks to Snakes      Tmut           ##......     10%         2    ###....

Your spell library contained the following spells:

 Spells                   Type           Power        Failure   Level  Hunger
 Spider Form              Tmut/Pois      #.........   36%         3    ####...
 Blade Hands              Tmut           ##........   87%         5    ######.
 Ice Form                 Ice/Tmut       #.......     77%         4    #####..


Dungeon Overview and Level Annotations

Branches:
Dungeon (4/15)
 Temple: D:4-7

Altars:
Qazlal


Innate Abilities, Weirdness & Mutations

You have extremely sharp teeth.
Your natural rate of healing is unusually fast.
When hurt, damage is shared between your health and your magic reserves.
Your bite disrupts and absorbs the magic of your enemies.
Potions cannot restore your health.
You are immune to rotting.
You have a pair of horns on your head.


Message History

You hit the iguana but do no damage. You hit the iguana but do no damage.
You headbutt the iguana, but do no damage.
Your bite misses the iguana. The iguana bites you!
You completely miss the iguana. Your bite misses the iguana.
The iguana bites you!
You are too injured to fight recklessly!
You are too injured to fight recklessly!
You hit the iguana.
The iguana is moderately wounded.
The iguana closely misses you.
You hit the iguana. You headbutt the iguana.
The iguana is severely wounded.
The iguana bites you!
* * * LOW HITPOINT WARNING * * *
You hit the iguana but do no damage. You headbutt the iguana.
You bite the iguana, but do no damage.
The iguana is almost dead.
The iguana bites you.
You die...

.. #.......# ## ......a....>
... . #.#.......#. ## #.# .
.#.#.......#. . #.##.
...........#.#####.#...
#...)l.....#.......#..###.###
....<# #.#..................#
#.............######..#######
##..#.........al@.#.........#
.... ...?....####.##.#####.##
##.. ....... #.....# #.# #.#
..#.... ####### #.# #.
....... #.# ## ###.... #.# #
#.# #.# #.#


You could see an iguana and a worker ant.

Vanquished Creatures
  A bullfrog (D:3)
  An orc wizard (D:3)
  A worker ant (D:3)
  5 adders (D:2)
  An adder zombie (D:1)
  A worm (D:3)
  A dart slug (D:3)
  A leopard gecko (D:2)
  4 orcs (D:3)
  2 ball pythons
  3 bats (D:1)
  A bat zombie (D:1)
  8 giant cockroaches
  6 goblins
  8 hobgoblins
  11 jackals (D:3)
  10 kobolds
  2 frilled lizards
  5 rats
72 creatures vanquished.

Vanquished Creatures (others)
  7 toadstools (D:4)
7 creatures vanquished.

Grand Total: 79 creatures vanquished

Notes
Turn   | Place    | Note
-------+----------+-------------------------------------------
     0 | D:1      | sking99 the Vine Stalker Transmuter began the quest for the Orb.
     0 | D:1      | Reached XP level 1. HP: 9/9 MP: 4/4
    30 | D:1      | Reached skill level 1 in Fighting
   134 | D:1      | Reached XP level 2. HP: 12/14 MP: 6/6
   726 | D:1      | Reached XP level 3. HP: 18/18 MP: 7/7
   915 | D:1      | Learned a level 2 spell: Sticks to Snakes
  1604 | D:2      | Gained mutation: Your natural rate of healing is unusually fast. [Vine Stalker growth]
  1604 | D:2      | Reached XP level 4. HP: 12/22 MP: 6/8
  1892 | D:2      | Reached skill level 4 in Unarmed Combat
  2605 | D:3      | Reached XP level 5. HP: 26/26 MP: 9/9
  2693 | D:3      | Found a stormy altar of Qazlal.
  2766 | D:3      | HP: 1/26 [orc/war axe (4)]
  2975 | D:3      | Reached XP level 6. HP: 13/31 MP: 4/10
  3416 | D:4      | Slain by an iguana

Vault maps used:
D:1:      saegor_arrival_fortress
D:3:      nicolae_overflow_hidden_temple, first_ration, kennysheep_cross_room
D:4:      cheibrodos_fertilizer, lemuel_crystal_altar, lemuel_doored_altar,
          serial_shops, shop

Skill      XL: |  1  2  3  4  5 |
---------------+----------------+-----
Fighting       | 1 2 |  2.3
Dodging        | 2 |  2.6
Unarmed Combat | 4 |  4.7
Transmutations | 3 |  3.3
Spellcasting   | |  2.1

Action                   |  1- 3 |  4- 6 || total
-------------------------+-------+-------++-------
Melee: Unarmed           |   118 |   177 ||   295
       Bite              |    25 |    36 ||    61
       Punch             |     1 |     3 ||     4
       Headbutt          |       |     4 ||     4
 Cast: Beastly Appendage |       |     2 ||     2
       Sticks to Snakes  |       |     1 ||     1
  Use: Scroll            |       |     8 ||     8
 Stab: Sleeping          |     1 |     3 ||     4
  Eat: Chunk             |     2 |     6 ||     8
Armor: Robe              |    29 |    32 ||    61
Dodge: Dodged            |    87 |   118 ||   205

Table legend:
 A = Spawn XP
 B = Non-spawn XP
 C = Spawn XP percentage of total XP
 D = Spawn monster count
 E = Non-spawn monster count
 F = Spawn count percentage of total count
 G = Total turns spent on level
                    A         B        C        D         E        F      G
               +---------+---------+-------+---------+---------+-------+---------
         Total |       0 |     358 |   0.0 |       0 |      72 |   0.0 |  3416
               +---------+---------+-------+---------+---------+-------+---------
           D:1 |       0 |      41 |   0.0 |       0 |      21 |   0.0 |  1123
           D:2 |       0 |      99 |   0.0 |       0 |      24 |   0.0 |  1242
           D:3 |       0 |     218 |   0.0 |       0 |      27 |   0.0 |   994
               +---------+---------+-------+---------+---------+-------+---------
